 Dungeon Crawl Stone Soup version 0.29.1-15-g9cfb28693d (webtiles) character file.

Game seed: 11275222851793550732

1911 Ad1ctor the Cleaver (level 8, -8/65 (73) HPs)
             Began as a Minotaur Berserker on Mar 1, 2023.
             Was an Elder of Trog.
             Mangled by a wight
             ... wielding a +2 dire flail
              (14 damage)
             ... on level 5 of the Dungeon.
             The game lasted 00:12:59 (4312 turns).

Ad1ctor the Cleaver (Minotaur Berserker)            Turns: 4312, Time: 00:13:00

HP:   -8/65 (73)    AC: 12    Str: 23    XL:     8   Next: 95%
MP:   7/7           EV:  9    Int: 14    God:    Trog [****..]
Gold: 316           SH:  0    Dex: 11    Spells: 7/7 levels left

rFire   . . .      SeeInvis .   l - +2 war axe (distort)
rCold   x . .      Faith    .   (no shield)
rNeg    . . .      Spirit   .   z - +0 chain mail
rPois   +          Reflect  .   (helmet restricted)
rElec   +          Harm     .   y - +0 cloak
rCorr   .          Rampage  .   A - +0 pair of gloves
Will    +....                   (no boots)
Stlth   ..........              q - amulet of regeneration
HPRegen 1.00/turn               n - ring of Harmony {rElec rPois rC- Will+ Int+10}
MPRegen 0.10/turn               (no ring)

@: on berserk cooldown, slowed, heavily drained, very slow
A: horns 2, retaliatory headbutt
a: Renounce Religion, Berserk, Trog's Hand, Brothers in Arms


You were on level 5 of the Dungeon.
You worshipped Trog.
Trog was greatly pleased with you.
You visited 1 branch of the dungeon, and saw 6 of its levels.

You collected 336 gold pieces.
You spent 20 gold pieces at shops.

Inventory:

Hand Weapons
 a - a +0 hand axe
 l - a +2 war axe of distortion (weapon)
Armour
 y - a +0 cloak (worn)
 z - a +0 chain mail (worn)
 A - a +0 pair of gloves (worn)
Jewellery
 n - the ring of Harmony (left hand) {rElec rPois rC- Will+ Int+10}
   (You found it on level 2 of the Dungeon)

   [ring of poison resistance]

   Int:       It affects your intelligence (+10).
   rC:        It makes you vulnerable to cold.
   rElec:     It insulates you from electricity.
   rPois:     It protects you from poison.
   Will:      It increases your willpower.
 q - an amulet of regeneration (around neck)
Wands
 u - a wand of flame (11)
Scrolls
 f - 5 scrolls of poison {unknown}
 g - a scroll of torment {unknown}
 h - 3 scrolls of magic mapping {unknown}
 i - 2 scrolls of fear {unknown}
 j - a scroll of enchant armour {unknown}
 k - a scroll of immolation {unknown}
 o - 2 scrolls of amnesia {unknown}
 s - a scroll of enchant weapon {unknown}
Potions
 b - 2 potions of curing
 c - 2 potions of resistance
 d - a potion of flight {unknown}
 e - a potion of haste {unknown}
 m - 2 potions of mutation {unknown}
 p - a potion of heal wounds {unknown}
 r - 2 potions of might
 t - a potion of lignification {unknown}
 v - 2 potions of brilliance
 w - a potion of experience {unknown}
 x - a potion of invisibility {unknown}


   Skills:
 + Level 7.0 Fighting
 + Level 11.5 Axes
 + Level 6.4 Armour
 - Level 2.4 Dodging


You had 7 spell levels left.
You didn't know any spells.
Your spell library was empty.

Dungeon Overview and Level Annotations

Branches:
Dungeon (6/15)             Temple (0/1) D:5

Altars:
Dithmenos

Shops:
D:2 ?   D:3 (


Innate Abilities, Weirdness & Mutations

You have a pair of horns on your head.
You reflexively headbutt those who attack you in melee.


Message History

You feel yourself slow down.
Things that are here:
a +3 dire flail of protection; a +0 leather armour; the human corpse of Edmund A wight comes into view.
It is wielding a +0 hand axe.
Found an escape hatch in the floor.
A wight comes into view. It is wielding a +1 battleaxe.
Found a dagger.
A wight comes into view.
It is wielding a +2 falchion of freezing.
Found a potion of might.
A wight comes into view. It is wielding a +5 morningstar.
The sentinel's mark upon you fades away.
A wight comes into view. It is wielding a +0 short sword.
The wight hits you with a +0 scimitar.
You feel drained. The wight attacks as you move away!
The wight hits you with a +0 scimitar!
You feel drained. The wight hits you with a +0 scimitar!
* * * LOW HITPOINT WARNING * * *
You feel drained.
* * * LOW HITPOINT WARNING * * *
There is a stone staircase leading up here.
The wight completely misses you. The wight barely misses you.
The wight hits you with a +0 hand axe.
* * * LOW HITPOINT WARNING * * *
You feel drained.
* * * LOW HITPOINT WARNING * * *
You climb upwards.
There is a stone staircase leading down here.
You fail to use your ability.
The wight barely misses you. The wight hits you with a +0 hand axe.
* * * LOW HITPOINT WARNING * * *
You feel drained.
* * * LOW HITPOINT WARNING * * *
The wight closely misses you. You furiously retaliate!
You headbutt the wight, but do no damage.
The wight hits you with a +0 hand axe.
* * * LOW HITPOINT WARNING * * *
You feel drained.
* * * LOW HITPOINT WARNING * * *
The wight barely misses you.
The wight hits you with a +2 dire flail!
You die...

##### ###
##...####### #..
#..........# ####.#
#..........# ##.##.#
#......##..####...#.#
##..z#.##............
##.@......####...#.#
#.zz..##### ##.##.#
##...## #.##.# ##.##
#.##.. #.# ##+##..
#.# ##.....# #.###
##......# #.#.##
##.......#
#....####.)......#


You could see 3 wights.

Vanquished Creatures
  A troll (D:6)
  Grinder (D:4)
  3 yaks (D:5)
  Edmund (D:6)
  Duvessa (D:5)
  Blork the orc (D:6)
  Dowan (D:5)
  An orc priest (D:4)
  4 hounds
  A jelly (D:5)
  Natasha (thrice) (D:4)
  4 iguanas
  An orc wizard (D:5)
  Robin (D:4)
  4 gnolls (D:5)
  6 adders
  2 shadow imps (D:5)
  A white imp (D:5)
  An ufetubus (D:4)
  4 dart slugs
  16 orcs
  5 ball pythons
  5 bats
  8 endoplasms
  8 giant cockroaches
  21 goblins
  13 hobgoblins
  6 jackals
  8 kobolds
  4 quokkas
  4 frilled lizards
  5 rats
145 creatures vanquished.

Notes
Turn   | Place    | Note
-------+----------+-------------------------------------------
     0 | D:1      | Ad1ctor the Minotaur Berserker began the quest for the Orb.
     0 | D:1      | Reached XP level 1. HP: 19/19 MP: 0/0
   105 | D:1      | Reached XP level 2. HP: 20/27 MP: 1/1
   243 | D:1      | Reached skill level 4 in Axes
   401 | D:1      | Reached ** piety under Trog
   620 | D:1      | Reached XP level 3. HP: 33/33 MP: 2/2
   770 | D:2      | Reached skill level 5 in Axes
   939 | D:2      | Found a faded altar of an unknown god.
  1076 | D:2      | Found Hitsaduj's Magic Scroll Boutique.
  1098 | D:2      | Reached XP level 4. HP: 18/40 MP: 3/3
  1307 | D:2      | Found a shadowy altar of Dithmenos.
  1308 | D:2      | Bought a scroll of identify for 20 gold pieces
  1390 | D:2      | Identified the ring of Harmony {rElec rPois rC- Will+
                  | Int+10}
  1690 | D:3      | Found Ethusemu's Weapon Shoppe.
  1717 | D:3      | Reached skill level 6 in Axes
  1990 | D:3      | Reached *** piety under Trog
  2513 | D:4      | Reached XP level 5. HP: 46/46 MP: 4/4
  2550 | D:4      | Reached skill level 7 in Axes
  2705 | D:4      | Noticed Natasha
  2710 | D:4      | Killed Natasha
  2727 | D:4      | Noticed Robin
  2731 | D:4      | Noticed Natasha
  2739 | D:4      | Killed Robin
  2744 | D:4      | Killed Natasha
  2744 | D:4      | Reached **** piety under Trog
  2745 | D:4      | Reached skill level 8 in Axes
  2745 | D:4      | Reached XP level 6. HP: 28/52 MP: 5/5
  3083 | D:4      | Noticed Grinder
  3087 | D:4      | Killed Grinder
  3088 | D:4      | Reached skill level 9 in Axes
  3088 | D:4      | Reached XP level 7. HP: 58/58 MP: 6/6
  3148 | D:4      | Noticed Natasha
  3157 | D:4      | Killed Natasha
  3253 | D:5      | Entered Level 5 of the Dungeon
  3280 | D:5      | Reached skill level 10 in Axes
  3460 | D:5      | Noticed a yak
  3460 | D:5      | Noticed a yak
  3460 | D:5      | Noticed a yak
  3463 | D:5      | Killed a yak
  3467 | D:5      | Killed a yak
  3468 | D:5      | Reached skill level 5 in Fighting
  3468 | D:5      | Reached XP level 8. HP: 68/68 MP: 7/7
  3659 | D:5      | Noticed Duvessa
  3659 | D:5      | Noticed Dowan
  3664 | D:5      | Killed Duvessa
  3665 | D:5      | Reached skill level 5 in Armour
  3668 | D:5      | Killed Dowan
  3821 | D:5      | Found a staircase to the Ecumenical Temple.
  3956 | D:5      | Reached skill level 11 in Axes
  4253 | D:6      | Noticed a troll
  4259 | D:6      | Killed a troll
  4278 | D:6      | Noticed Edmund
  4290 | D:6      | Killed Edmund
  4290 | D:6      | Noticed Blork the orc
  4296 | D:6      | Killed Blork the orc
  4312 | D:5      | Mangled by a wight

Illustrated notes

Levels and vault maps discovered:
D:1:      dpeg_arrival_shelter, layout_rooms, serial_rivers,
          chequers_serial_rivers_micro_c, chequers_serial_rivers_small_b,
          chequers_serial_rivers_micro_c, chequers_serial_rivers_small_3,
          chequers_serial_rivers_micro_a
D:2:      layout_rooms, basic_altar, serial_shops, shop,
          hellmonk_ecumenical_altar_lost_god
D:3:      cheibrodos_greedy_goblins, layout_loops_ring, serial_shops, shop,
          minmay_misc_feat_pillars
D:4:      layout_loops_ring, grunt_decor_one_mirror,
          ebering_dispersal_statue_hall, uniq_grinder, uniq_robin, uniq_natasha
D:5:      dreamdust_elfheim, layout_loops_corners, minmay_temple_entry_grid
D:6:      layout_basic, uniq_blork_the_orc, uniq_edmund

Skill      XL: |  1  2  3  4  5  6  7  8 |
---------------+-------------------------+-----
Axes           | 4 5 6 8 9 10 11 | 11.5
Fighting       | 5 7 |  7.0
Armour         | 4 6 |  6.4
Dodging        | |  2.4

Action                   |  1- 3 |  4- 6 |  7- 9 || total
-------------------------+-------+-------+-------++-------
Melee: Hand axe          |    89 |     1 |       ||    90
       Headbutt          |     7 |    19 |    15 ||    41
       War axe           |       |   108 |    72 ||   180
       Punch             |       |       |     2 ||     2
Invok: Berserk           |       |       |     3 ||     3
  Use: Scroll            |       |     4 |       ||     4
Armor: Ring mail         |    28 |    35 |     5 ||    68
       Chain mail        |       |       |     9 ||     9
Dodge: Dodged            |    59 |    55 |    31 ||   145
